 Dungeon Crawl Stone Soup version 0.18.1-48-g4cf74bf (webtiles) character file.

1328 Inkary the Spear-Bearer (level 8, -3/64 HPs)
             Began as a Merfolk Gladiator on Aug 4, 2016.
             Was a Believer of Okawaru.
             Slain by YrmMerkstave's ghost (22 damage)
             ... on level 7 of the Dungeon.
             The game lasted 00:11:28 (5267 turns).

Inkary the Spear-Bearer (Merfolk Gladiator)         Turns: 5267, Time: 00:11:28

Health: -3/64      AC:  5    Str: 15    XL:     8   Next: 60%
Magic:  8/8        EV: 13    Int:  7    God:    Okawaru [**....]
Gold:   231        SH:  6    Dex: 22    Spells: 0 memorised, 7 levels left

rFire  . . .     SeeInvis .     s - +3 trident (vamp)
rCold  . . .     Gourm    .     b - +0 leather armour
rNeg   . . .     Faith    .     m - +0 buckler
rPois  +         Spirit   .     c - +0 helmet
rElec  .         Dismiss  .     (no cloak)
rCorr  .         Reflect  .     t - +0 pair of gloves
SustAt .         Harm     .     (no boots)
MR     .....                    (no amulet)
Stlth  ++........               r - +5 ring of dexterity
                                h - ring of poison resistance

@: not resistant to hostile enchantments, unstealthy
A: change form in water, swift swim
a: Heroism, Renounce Religion


You were on level 7 of the Dungeon.
You worshipped Okawaru.
Okawaru was pleased with you.
You were not hungry.

You visited 2 branches of the dungeon, and saw 8 of its levels.
You also visited: Sewer.

You collected 231 gold pieces.

Inventory:

Hand Weapons
 s - a +3 vampiric trident (weapon)
Missiles
 d - 3 throwing nets (quivered)
Armour
 b - a +0 leather armour (worn)
 c - a +0 helmet (worn)
 m - a +0 buckler (worn)
 t - a +0 pair of gloves (worn)
Jewellery
 h - a ring of poison resistance (left hand)
 r - a +5 ring of dexterity (right hand)
 v - an uncursed ring of resist corrosion
Wands
 x - a wand of flame (19/48)
 z - a wand of polymorph (14/24)
 C - a wand of teleportation (3/9)
Scrolls
 i - 3 scrolls of noise {unknown}
 k - 3 scrolls of random uselessness {unknown}
 n - 3 scrolls of teleportation {unknown}
 o - 2 scrolls of blinking {unknown}
 u - 4 scrolls of remove curse {unknown}
Potions
 e - 2 potions of heal wounds
 g - a potion of mutation
 p - 2 potions of ambrosia {unknown}
 q - 2 potions of brilliance
 w - a potion of invisibility {unknown}
 A - a potion of lignification {unknown}
 B - 2 potions of curing {unknown}
Books
 a - a book of the Sky

   Spells                             Type                      Level
   a - Summon Lightning Spire         Summoning/Air                4
   b - Airstrike                      Air                          4
   c - Silence                        Hexes/Air                    5
   d - Deflect Missiles               Charms/Air                   6
   e - Conjure Ball Lightning         Conjuration/Air              6
   f - Tornado                        Air                          9
Miscellaneous
 y - a sack of spiders
Comestibles
 f - 5 bread rations
 j - 2 slices of pizza
 l - 17 fruits
 D - a meat ration
 F - a beef jerky


   Skills:
 + Level 5.9 Fighting
 + Level 8.4 Polearms
 - Level 2.0 Throwing
 + Level 1.3 Armour
 + Level 7.4 Dodging
 - Level 1.2 Stealth
 - Level 4.3 Shields
 + Level 0.9 Invocations


You had 7 spell levels left.
You didn't know any spells.

Dungeon Overview and Level Annotations

Branches:
Dungeon (7/15)             Temple (1/1) D:4

Altars:
Ashenzari
Dithmenos
Fedhas
Gozag
Kikubaaqudgha
Makhleb
Nemelex Xobeh
Okawaru
Pakellas
Qazlal
Ru
Sif Muna
Xom
Yredelemnul
Zin
The Shining One

Annotations:
D:7 YrmMerkstave's ghost, novice TrMo


Message History

YrmMerkstave's ghost hits you!
An orc warrior comes into view. It is wielding a scimitar.
You completely miss YrmMerkstave's ghost.
YrmMerkstave's ghost is lightly damaged.
You closely miss YrmMerkstave's ghost.
YrmMerkstave's ghost is lightly damaged.
You block YrmMerkstave's ghost's attack.
An orc comes into view. It is wielding a whip.
You closely miss YrmMerkstave's ghost.
YrmMerkstave's ghost is lightly damaged.
YrmMerkstave's ghost hits you!
The orc shouts!
You hit YrmMerkstave's ghost.
YrmMerkstave's ghost is moderately damaged.
YrmMerkstave's ghost says, "I sacrificed my body for ultimate power!"
YrmMerkstave's ghost hits you!!
* * * LOW HITPOINT WARNING * * *
An orc comes into view.
YrmMerkstave's ghost hits you!!
You die...

.... #...
... ..#
#o# #.#
#.#
#.#####W#
..o....@#
##o######


You could see an orc warrior, YrmMerkstave's ghost and 2 orcs.

Vanquished Creatures
  A water moccasin (D:6)
  Purgy (Sewer)
  An ogre (D:4)
  A phantom (D:5)
  A centaur (D:6)
  A giant frog (D:6)
  A howler monkey (D:4)
  A crimson imp (D:5)
  A hound (D:5)
  2 jellies
  6 orc priests
  2 iguanas (D:4)
  5 orc wizards
  2 worker ants (D:4)
  A worker ant zombie (D:6)
  7 adders
  A shadow imp (D:5)
  2 oozes
  A worm (D:2)
  3 dart slugs (D:3)
  5 giant geckos
  34 orcs
  10 bats
  3 giant cockroaches
  4 goblins
  2 hobgoblins (D:1)
  2 jackals (D:2)
  3 quokkas
  2 ball pythons
  6 giant newts
  16 kobolds
  A quokka skeleton (D:4)
  9 rats
138 creatures vanquished.

Notes
Turn   | Place    | Note
--------------------------------------------------------------
     0 | D:1      | Inkary the Merfolk Gladiator began the quest for the Orb.
     0 | D:1      | Reached XP level 1. HP: 16/16 MP: 1/1
   211 | D:1      | Reached XP level 2. HP: 23/23 MP: 2/2
   864 | D:1      | Reached skill level 5 in Polearms
  1015 | D:2      | Reached XP level 3. HP: 25/28 MP: 3/3
  1026 | D:2      | Reached skill level 1 in Armour
  1746 | D:3      | Reached skill level 1 in Stealth
  1746 | D:3      | Reached skill level 1 in Shields
  1746 | D:3      | Reached XP level 4. HP: 28/34 MP: 4/4
  2299 | D:3      | Reached XP level 5. HP: 41/41 MP: 5/5
  2724 | D:4      | Reached skill level 6 in Polearms
  2856 | D:4      | Reached skill level 5 in Dodging
  2856 | D:4      | Reached XP level 6. HP: 45/48 MP: 6/6
  2906 | D:4      | Found a staircase to the Ecumenical Temple.
  2928 | Temple   | Entered the Ecumenical Temple
  3012 | Temple   | Became a worshipper of Warmaster Okawaru
  3190 | D:4      | Got a twisted large shield
  3201 | D:4      | Identified the -4 large shield of the Lotus Blossom {rPois Str-3 Dex+3} (You found it on level 4 of the Dungeon)
  3554 | D:4      | Reached * piety under Okawaru
  3554 | D:4      | Reached XP level 7. HP: 48/55 MP: 7/7
  3605 | D:5      | Entered Level 5 of the Dungeon
  3725 | D:5      | Reached skill level 7 in Polearms
  3756 | D:5      | Found a glowing drain.
  3777 | Sewer    | Entered a sewer
  3780 | Sewer    | Noticed Purgy
  3815 | Sewer    | Killed Purgy
  4041 | D:5      | Reached skill level 5 in Fighting
  4250 | D:5      | Reached XP level 8. HP: 57/62 MP: 8/8
  4285 | D:5      | Found an oddly glowing altar of Pakellas.
  4468 | D:6      | Reached ** piety under Okawaru
  4497 | D:6      | Reached skill level 8 in Polearms
  4594 | D:6      | Found a burning altar of Makhleb.
  5245 | D:7      | Noticed YrmMerkstave's ghost (novice TrMo)
  5267 | D:7      | Slain by YrmMerkstave's ghost

Skill      XL: |  1  2  3  4  5  6  7  8 |
---------------+-------------------------+-----
Polearms       | 5 6 7 8 |  8.4
Armour         | 1 |  1.3
Stealth        | 1 |  1.2
Shields        | 1 2 3 4 |  4.3
Fighting       | 3 4 5 |  5.9
Dodging        | 5 6 7 |  7.4
Throwing       | |  2.0
Invocations    | |  0.9

Action                   |  1- 3 |  4- 6 |  7- 9 || total
-------------------------+-------+-------+-------++-------
Melee: Trident           |   164 |   187 |   195 ||   546
Invok: Heroism           |       |       |     3 ||     3
  Use: Scroll            |       |     8 |     1 ||     9
       Potion            |       |     1 |       ||     1
 Stab: Sleeping          |     4 |     4 |     9 ||    17
       Distracted        |       |     4 |       ||     4
  Eat: Chunk             |     2 |     6 |     6 ||    14
       Meat ration       |       |     1 |       ||     1
Armor: Leather armour    |    35 |    41 |    13 ||    89
Dodge: Dodged            |    75 |    82 |    77 ||   234
Block: Buckler           |    11 |    25 |    47 ||    83
